 Dungeon Crawl Stone Soup version 0.17-a0-1174-ge06b3cc (webtiles) character file.

128 Hanyuu the Insei (level 5, 0/33 HPs)
             Began as an Octopode Transmuter on May 29, 2015.
             Slain by Grinder (4 damage)
             ... on level 3 of the Dungeon.
             The game lasted 00:04:53 (2344 turns).

Hanyuu the Insei (Octopode Transmuter)              Turns: 2344, Time: 00:04:54

Health: 0/33       AC:  1    Str: 10    XL:     5   Next: 12%
Magic:  8/8        EV: 12    Int: 16    God:
Gold:   60         SH:  0    Dex: 12    Spells: 3 memorised, 2 levels left

rFire  . . .     SeeInvis .       - Unarmed
rCold  . . .     Clarity  .     (no shield)
rNeg   . . .     SustAt   .     (helmet restricted)
rPois  .         Gourm    .     (no amulet)
rElec  .         Spirit   .     (no ring)
rCorr  .         Warding  .     (no ring)
rMut   .         Stasis   .     (no ring)
MR     .....                    (no ring)
Stlth  ++........               (no ring)
                                (no ring)
                                (no ring)
                                (no ring)

@: hasted, very quick, not resistant to hostile enchantments, unstealthy
A: almost no armour, amphibious, 8 rings, constrict 8, camouflage 1, gelatinous
body 1
a: no special abilities


You were on level 3 of the Dungeon.
You were not hungry.

You visited 1 branch of the dungeon, and saw 3 of its levels.

You collected 60 gold pieces.

Inventory:

Missiles
 a - 110 arrows
Magical devices
 m - a wand of slowing (30)
Scrolls
 h - a scroll of random uselessness {unknown}
 i - a scroll of amnesia {unknown}
 j - a scroll of fear {unknown}
 n - a scroll of recharging {unknown}
Potions
 e - a potion of brilliance {unknown}
 g - 2 potions of degeneration {unknown}
 l - a potion of mutation {unknown}
Books
 b - a book of Changes

   Spells                             Type                      Level
   a - Beastly Appendage              Transmutation                1
   b - Sticks to Snakes               Transmutation                2
   c - Spider Form                    Transmutation/Poison         3
   d - Ice Form                       Ice/Transmutation            4
   e - Blade Hands                    Transmutation                5
Comestibles
 c - a bread ration
 f - 8 chunks of flesh
 k - 5 fruits
 o - a meat ration


   Skills:
 * Level 1.5 Fighting
 - Level 2.0 Dodging
 + Level 5.5 Unarmed Combat
 - Level 2.0 Spellcasting
 - Level 2.0 Transmutations


You had 2 spell levels left.
You knew the following spells:

 Your Spells              Type           Power        Failure   Level  Hunger
a - Beastly Appendage     Trmt           #.....       10%         1    #......
b - Sticks to Snakes      Trmt           #.........   14%         2    ###....
c - Spider Form           Trmt/Pois      #.........   38%         3    ###....


Dungeon Overview and Level Annotations

Branches:
Dungeon (3/15)

Altars:

Annotations:
D:3 Grinder


Innate Abilities, Weirdness & Mutations

You cannot wear most types of armour.
You are amphibious.
You can wear up to eight rings at the same time.
You can use your tentacles to constrict eight enemies at once.
Your skin changes colour to match your surroundings (Stealth).
Your rubbery body absorbs attacks (AC +1).


Message History

Grinder hits you.
You writhe in agony.
The hobgoblin hits you but does no damage.
You tentacle-slap Grinder.
Grinder is severely wounded.
You constrict Grinder. The giant cockroach closely misses you.
The adder closely misses you.
Grinder gestures.
Grinder struggles to blink free from constriction.
The giant cockroach waves its antennae.
The giant cockroach barely misses you.
Read which item? (? for menu, Esc to quit)
Okay, then.
Drink which item? (? for menu, Esc to quit)
You feel yourself speed up.
You constrict Grinder. The adder closely misses you. The hobgoblin hits you.
* * * LOW HITPOINT WARNING * * *
The orc barely misses you. Grinder hits you.
* * * LOW HITPOINT WARNING * * *
You writhe in agony.
You die...

......# ...#. #.. .P... #.. ..[#
#.. #.. .o.# ## #.. ## #.# #oo#
#..... . #.# #S5# #.##.# ..# #.
#.#########@.# #.##.# #..#
#.###......)...sg# #.##.# #..#
#..†..<..(.).......#.##.# #..#
###.##############.#.##.#####..#
#.# #.............# #.##########
#####.##......... #..........#
#.....#######.... ##########.#
#.##### #..#. #.# #.# #....


You could see Grinder, an adder, 3 orcs, a giant cockroach and a hobgoblin.

Vanquished Creatures
  4 gnolls (D:2)
  2 adders (D:2)
  2 oozes (D:1)
  2 worms
  A giant gecko (D:1)
  3 orcs (D:3)
  7 bats
  10 goblins
  4 hobgoblins
  9 kobolds
  3 ball pythons
  6 giant newts
  7 rats
60 creatures vanquished.

Notes
Turn   | Place    | Note
--------------------------------------------------------------
     0 | D:1      | Hanyuu the Octopode Transmuter began the quest for the Orb.
     0 | D:1      | Reached XP level 1. HP: 13/13 MP: 3/3
    44 | D:1      | Reached XP level 2. HP: 4/18 MP: 5/5
   473 | D:1      | Reached skill level 4 in Unarmed Combat
   740 | D:1      | Reached XP level 3. HP: 20/23 MP: 6/6
   744 | D:1      | Learned a level 2 spell: Sticks to Snakes
   748 | D:1      | Learned a level 3 spell: Spider Form
  1383 | D:2      | Reached XP level 4. HP: 23/28 MP: 4/7
  1568 | D:2      | Reached skill level 5 in Unarmed Combat
  2141 | D:2      | Reached XP level 5. HP: 33/33 MP: 8/8
  2337 | D:3      | Noticed Grinder
  2344 | D:3      | Slain by Grinder

Vault maps used:
D:1:      erik_arrival_gehennom, st_stairs_11, kennysheep_crisscross,
          minmay_misc_feat_chi
D:3:      kiku_gazebo_garden_becter, grunt_qazlal_sundering, first_bread,
          uniq_jessica, uniq_grinder

Action                   |  1- 3 |  4- 6 || total
-------------------------+-------+-------++-------
Melee: Unarmed           |    76 |    65 ||   141
 Cast: Beastly Appendage |     3 |       ||     3
       Spider Form       |     1 |     4 ||     5
  Use: Scroll            |     1 |       ||     1
       Potion            |       |     1 ||     1
 Stab: Sleeping          |     3 |     6 ||     9
  Eat: Chunk             |     1 |     4 ||     5
